 Dungeon Crawl Stone Soup version 0.32-a0-876-gcfddb08e57 (webtiles) character file.

Game seed: 1496155693208435568

119 rvierbuc the Chopper (level 4, -6/35 HPs)
             Began as a Demonspawn Gladiator on Apr 1, 2024.
             Mangled by Edmund
             ... wielding a +2 flail of protection
              (10 damage)
             ... on level 4 of the Dungeon.
             The game lasted 00:05:59 (2520 turns).

rvierbuc the Chopper (Demonspawn Gladiator)         Turns: 2520, Time: 00:05:59

Health: -6/35      AC:  5    Str: 16    XL:     4   Next: 74%
Magic:  0/4        EV: 12    Int:  8    God:
Gold:   213        SH:  4    Dex: 15    Spells: 3/3 levels left

rFire   . . .        a - +0 war axe
rCold   . . .        (no shield)
rNeg    . . .        b - +0 leather armour
rPois   .            (helmet restricted)
rElec   .            x - +0 cloak
rCorr   .            (no gloves)
SInv    .            o - +0 pair of boots
Will    .....        f - amulet of guardian spirit
Stlth   +            (no ring)
HPRegen 0.25/turn    (no ring)
MPRegen 0.09/turn

%: guardian spirit
@: no status effects
A: horns 1, large bone plates 1
a: no special abilities


You were on level 4 of the Dungeon.
You visited 1 branch of the dungeon, and saw 4 of its levels.

You collected 213 gold pieces.

Inventory:

Hand Weapons
 a - a +0 war axe (weapon)
 s - a +1 dagger of venom
Missiles
 d - 3 throwing nets
 e - 7 javelins (quivered)
Armour
 b - a +0 leather armour (worn)
 c - a +0 helmet
 o - a +0 pair of boots (worn)
 x - a +0 cloak (worn)
Magical Staves
 l - a staff of earth
Jewellery
 f - an amulet of guardian spirit (around neck)
 n - a ring of ice
 q - a +6 ring of strength
Scrolls
 g - 4 scrolls of identify {unknown}
 j - a scroll of enchant armour {unknown}
 m - a scroll of teleportation {unknown}
 r - 2 scrolls of revelation {unknown}
 u - a scroll of silence {unknown}
Potions
 h - 3 potions of cancellation {unknown}
 i - a potion of haste {unknown}
 k - a potion of heal wounds {unknown}
 p - a potion of curing {unknown}
 t - 2 potions of enlightenment {unknown}
 v - a potion of attraction {unknown}
 w - a potion of degeneration {unknown}


   Skills:
 + Level 3.0 Fighting
 + Level 3.4 Axes
 + Level 2.7 Throwing
 + Level 3.4 Dodging


You had 3 spell levels left.
You didn't know any spells.
Your spell library contained the following spells:

 Spells                   Type           Power      Damage    Failure   Level
 Slow                     Hex            0%         N/A       47%         1
 Cigotuvi's Dreadful Rot  Necr/Alch/Air  0%         N/A       63%         2
 Confusing Touch          Hex            0%         N/A       85%         3
 Vampiric Draining        Necr           0%         2d6       85%         3
 Dispel Undead            Necr           0%         3d6       99%         4
 Martyr's Knell           Necr/Summ      0%         N/A       99%         4


Dungeon Overview and Level Annotations

Branches:
Dungeon (4/15)
 Temple: D:4-7

Altars:
Gozag

Annotations:
D:4 Edmund


Innate Abilities, Weirdness & Mutations

You have a pair of small horns on your head.
You are partially covered in large bone plates. (SH +4)


Message History

Your Fighting skill increases to level 3!
You barely miss the hobgoblin. You headbutt the hobgoblin.
You kill the hobgoblin!
You barely miss Edmund. You hit the goblin.
You kill the goblin!
You hit the goblin.
You kill the goblin!
Edmund misses you. Edmund barely misses you. The goblin barely misses you.
You slash the goblin!
You kill the goblin!
You barely miss Edmund.
Edmund hits you with a +2 flail of protection.
You hit Edmund.
Edmund is lightly wounded.
Edmund hits you with a +2 flail of protection.
You hit Edmund but do no damage.
Edmund is lightly wounded.
Edmund hits you with a +2 flail of protection!
* * * LOW HITPOINT WARNING * * *
Edmund closely misses you.
You slash Edmund! You headbutt Edmund, but do no damage.
Edmund is heavily wounded.
Edmund hits you with a +2 flail of protection.
* * * LOW HITPOINT WARNING * * *
You hit Edmund but do no damage.
Edmund is heavily wounded.
You block Edmund's attack.
You barely miss Edmund.
Edmund is heavily wounded.
Edmund closely misses you. Edmund misses you.
You hit Edmund.
Edmund is heavily wounded.
Edmund hits you with a +2 flail of protection!
* * * LOW HITPOINT WARNING * * *
You barely miss Edmund. Your headbutt misses Edmund.
Edmund is heavily wounded.
Edmund closely misses you.
Edmund hits you with a +2 flail of protection!
You die...
Edmund whines, "They better pay attention to me now!"

.## ..# ..### ..
#....## ....
....... ....#
###)..#
.....##).)###...
#....@@##!#..#
#>..........##
.##.###........#
.?........#.....
....##.....##...
.. ##......# .#
#....<.## #
#.##.....# #(
###...#


You could see Edmund.

Vanquished Creatures
  Crazy Yiuf (D:3)
  3 adders
  3 dart slugs
  2 bats
  4 endoplasms
  2 giant cockroaches (D:1)
  10 hobgoblins
  4 quokkas
  5 ball pythons
  4 frilled lizards
  10 goblins
  2 kobolds
  6 rats
56 creatures vanquished.

Notes
Turn   | Place    | Note
-------+----------+-------------------------------------------
     0 | D:1      | rvierbuc the Demonspawn Gladiator began the quest for the
                  | Orb.
     0 | D:1      | Reached XP level 1. HP: 16/16 MP: 1/1
    38 | D:1      | Found a faded altar of an unknown god.
   127 | D:1      | Gained mutation: You have a pair of small horns on your
                  | head. [demonic ancestry]
   127 | D:1      | Reached XP level 2. HP: 21/22 MP: 2/2
   721 | D:1      | Gained mutation: You are partially covered in large bone
                  | plates. (SH +4) [demonic ancestry]
   721 | D:1      | Reached XP level 3. HP: 28/28 MP: 3/3
  1921 | D:3      | Reached XP level 4. HP: 11/34 MP: 2/4
  2243 | D:3      | Found an opulent altar of Gozag.
  2376 | D:3      | Found a runed translucent door.
  2377 | D:3      | Noticed Crazy Yiuf
  2386 | D:3      | Killed Crazy Yiuf
  2500 | D:4      | Noticed Edmund
  2520 | D:4      | Mangled by Edmund

Illustrated notes

Levels and vault maps discovered:
D:1:      scummos_arrival_checkerplants, layout_basic, basic_ecumenical_altar
D:2:      layout_basic, roderic_serpentine_path
D:3:      layout_rooms, mainiacjoe_overflow_catch_the_wave,
          amcnicky_mini_corridor_feature, uniq_crazy_yiuf_cottage
D:4:      layout_cave_pools, kennysheep_little_box, kennysheep_mini_moat,
          serial_bayou_lake_a, uniq_pikel, uniq_robin, uniq_edmund

Skill      XL: |  1  2  3  4 |
---------------+-------------+-----
Throwing       | 2 |  2.7
Axes           | 3 |  3.4
Dodging        | 3 |  3.4
Fighting       | 3 |  3.0

Action                     |  1- 3 |  4- 6 || total
---------------------------+-------+-------++-------
  Melee: War axe           |   115 |    32 ||   147
         Headbutt          |     8 |     6 ||    14
  Throw: Javelin           |       |     2 ||     2
   Stab: Sleeping          |     3 |       ||     3
 Armour: Leather armour    |    75 |    19 ||    94
  Dodge: Dodged            |    74 |    25 ||    99
  Block: Other             |    10 |     8 ||    18

Table legend: (Time is in decaauts)
 A = Elapsed time spent in this place.
 B = Non-inter-level travel time spent in this place.
 C = Inter-level travel time spent in this place.
 D = Time resting spent in this place.
 E = Time spent auto-exploring this place.
 F = Levels seen in this place.
 G = Mean time per level.
                   A        B        C        D        E       F      G
               +--------+--------+--------+--------+--------+-----+--------+
         Total |   2571 |   2489 |     82 |    113 |   1949 |   4 |  642.8 |
       Dungeon |   2571 |   2489 |     82 |    113 |   1949 |   4 |  642.8 |
               +--------+--------+--------+--------+--------+-----+--------+

Top non-repeatable levels by time:
     D:1: 937 daAuts
     D:2: 893 daAuts
     D:3: 709 daAuts
     D:4: 31 daAuts
